 Dungeon Crawl Stone Soup version 0.30-a0-21-g5d08c37080 (webtiles) character file.

Game seed: 6283966706876770673

2863 Plasmagod the Carver (level 9, -7/44 HPs)
             Began as a Vine Stalker Fighter on Aug 24, 2022.
             Was a Follower of Ashenzari.
             Mangled by a two-headed ogre
             ... wielding a +0 giant spiked club
              (28 damage)
             ... on level 8 of the Dungeon.
             The game lasted 00:12:25 (6167 turns).

Plasmagod the Carver (Vine Stalker Fighter)         Turns: 6167, Time: 00:12:26

Health: -7/44      AC: 15    Str: 21    XL:     9   Next: 75%
Magic:  0/10       EV: 12    Int:  8    God:    Ashenzari [*.....]
Gold:   64         SH: 11    Dex: 16    Spells: 8/8 levels left

rFire   . . .      SeeInvis .    c - +2 broad axe (vorpal)
rCold   . . .      Faith    .    E - +1 kite shield "Share My Trepidation" {Cun, Fort} (curse)
rNeg    . . .      Spirit   +    i - +0 chain mail
rPois   +          Reflect  .    h - +0 helmet
rElec   .          Harm     .    y - +0 cloak of Ashenzari's Stoicism {Fort, Evo} (curse)
rCorr   .          Rampage  .    s - +0 pair of gloves
Will    +....                    A - +0 pair of boots
Stlth   ..........               q - amulet of magic regeneration
HPRegen 0.94/turn                t - ring of poison resistance
MPRegen 0.52/turn                B - +4 ring of evasion

@: no status effects
A: fangs 3, regeneration 1, magic shield, antimagic bite, no potion heal 2
a: Renounce Religion, Shatter the Chains


You were on level 8 of the Dungeon.
You worshipped Ashenzari.
Ashenzari was aware of your devotion.
You visited 1 branch of the dungeon, and saw 8 of its levels.
You also visited: Ossuary.

You collected 316 gold pieces.
You spent 252 gold pieces at shops.

Inventory:

Hand Weapons
 a - a +0 long sword
 c - a +2 vorpal broad axe (weapon)
Missiles
 v - a throwing net
 C - 4 javelins (quivered)
Armour
 h - a +0 helmet (worn)
 i - a +0 chain mail (worn)
 s - a +0 pair of gloves (worn)
 y - the cursed +0 cloak of Ashenzari's Stoicism (worn) {Fort, Evo}
   (You found it on level 7 of the Dungeon)

   It has a curse which improves the following skills: Fortitude: Armour and
   Shields.
   Evocations: Evocations.
 A - a +0 pair of boots (worn)
 E - the cursed +1 kite shield "Share My Trepidation" (worn) {Cun, Fort}
   (You found it on level 6 of the Dungeon)

   It has a curse which improves the following skills: Cunning: Dodging and
   Stealth.
   Fortitude: Armour and Shields.
Jewellery
 k - a ring of magical power
 q - an amulet of magic regeneration (around neck)
 t - a ring of poison resistance (left hand)
 u - a ring of protection from fire
 B - a +4 ring of evasion (right hand)
 M - a ring of wizardry
Wands
 K - a wand of paralysis (9)
Scrolls
 e - 3 scrolls of teleportation
 p - a scroll of enchant weapon
 x - 2 scrolls of amnesia
 z - a scroll of blinking
 D - a scroll of brand weapon
 F - a scroll of noise
 G - a scroll of poison
 H - a scroll of vulnerability
 I - 2 scrolls of silence
 L - a scroll of enchant armour
Potions
 b - a potion of ambrosia
 d - a potion of might
 f - a potion of mutation
 g - 4 potions of attraction
 j - 2 potions of heal wounds
 l - 3 potions of brilliance
 m - 5 potions of magic
 n - 3 potions of haste
 o - 6 potions of curing
 r - 2 potions of lignification
 w - 2 potions of berserk rage
 J - a potion of invisibility


   Skills:
 - Level 3.3 Fighting
 - Level 8.0 Long Blades
 + Level 3.4 Axes
 + Level 4.6(5.9) Armour
 + Level 3.1(3.9) Dodging
 + Level 5.2(6.1) Stealth
 + Level 4.9(6.2) Shields


You had 8 spell levels left.
You didn't know any spells.
Your spell library contained the following spells:

 Spells                   Type           Power      Damage    Failure   Level
 Ensorcelled Hibernation  Hex/Ice        0%         N/A       100%        2
 Passwall                 Tmut/Erth      0%         N/A       100%        2
 Scorch                   Fire           0%         2d5       100%        2
 Sublimation of Blood     Necr           0%         N/A       100%        2
 Summon Guardian Golem    Hex/Summ       0%         N/A       100%        3
 Swiftness                Air            0%         N/A       100%        3
 Flame Wave               Conj/Fire      0%         2d4       100%        4
 Petrify                  Tmut/Erth      0%         N/A       100%        4
 Irradiate                Conj/Tmut      0%         3d11      100%        5
 Summon Cactus Giant      Summ           0%         N/A       100%        6
 Orb of Destruction       Conj           0%         9d5       100%        7
 Spellforged Servitor     Conj/Summ      0%         N/A       100%        7


Dungeon Overview and Level Annotations

Branches:
Dungeon (8/15)             Temple (0/1) D:7         Ossuary (visited)
   Lair: D:8-11

Altars:
Ashenzari
Makhleb
Nemelex Xobeh
Trog
Vehumet
Xom

Shops:
D:6 (

Annotations:
D:6 2 runed translucent doors, nmsoi's ghost, novice GnEE


Innate Abilities, Weirdness & Mutations

You have razor-sharp teeth.
Your natural rate of healing is unusually fast.
When hurt, damage is shared between your health and your magic reserves.
Your bite disrupts and absorbs the magic of your enemies.
Potions cannot restore your health.


Message History

The iguana is moderately wounded.
You block the iguana's attack.
You slash the iguana!
You kill the iguana!
No target in view!
No target in view!
No target in view!
No target in view!
No target in view!
No target in view!
Things that are here:
an iguana corpse; an iguana corpse; an iguana corpse
There is an open door here.
There is a stone staircase leading down here.
Found a +0 ring mail.
Done exploring.
Done exploring.
There is a stone staircase leading down here.
You climb downwards.
There is a stone staircase leading up here.
Found a stone staircase leading down.
A two-headed ogre comes into view.
It is wielding a +0 giant spiked club and a +0 giant club.
You closely miss the two-headed ogre. You bite the two-headed ogre.
You drain its power.
The two-headed ogre is lightly wounded.
You block the two-headed ogre's attack. x2
You hit the two-headed ogre. You bite the two-headed ogre! You drain its power.
The two-headed ogre is heavily wounded.
The two-headed ogre hits you with a +0 giant spiked club!
You block the two-headed ogre's attack.
You slash the two-headed ogre! You bite the two-headed ogre.
You drain its power.
You feel invigorated.
The two-headed ogre is almost dead.
You block the two-headed ogre's attack.
The two-headed ogre hits you with a +0 giant club!
You are too injured to fight recklessly!
The two-headed ogre attacks as you move away!
The two-headed ogre hits you with a +0 giant spiked club!!
Ouch! That really hurt!
You die...

#.####.# #....#.#
#########.#.# ##
..........#.# .# #
###########.######.#.#
............>....#
#####.#........#
#.######.### . #@# .#
#O# .# #.# .# #.# #.#
#.# #.# #.#


You could see a two-headed ogre.

Vanquished Creatures
  A manticore (D:7)
  A wraith (Ossuary)
  A water moccasin (D:7)
  A sky beast (D:7)
  A black bear (D:3)
  An orc warrior (D:7)
  2 ice beasts
  An ogre (D:5)
  A centaur (D:6)
  2 phantoms
  An elf zombie (Ossuary)
  2 scorpions
  An elf skeleton (D:7)
  4 wights (D:6)
  A crimson imp (D:4)
  3 jellies
  5 hounds
  2 human zombies (D:7)
  3 orc priests
  A human skeleton (D:7)
  8 iguanas
  6 orc wizards
  3 mummies (Ossuary)
  7 adders
  A white imp (D:5)
  2 worms
  3 dart slugs
  20 orcs
  6 ball pythons
  4 bats
  10 endoplasms
  4 giant cockroaches
  4 goblins
  10 hobgoblins
  4 jackals (D:1)
  5 quokkas
  4 frilled lizards
  5 goblin zombies (Ossuary)
  4 hobgoblin zombies (Ossuary)
  4 kobolds
  2 orc skeletons (D:7)
  7 rats
158 creatures vanquished.

Vanquished Creatures (others)
  16 fungi (D:4)
16 creatures vanquished.

Grand Total: 174 creatures vanquished

Notes
Turn   | Place    | Note
-------+----------+-------------------------------------------
     0 | D:1      | Plasmagod the Vine Stalker Fighter began the quest for the
                  | Orb.
     0 | D:1      | Reached XP level 1. HP: 11/11 MP: 2/2
    56 | D:1      | Found a faded altar of an unknown god.
   388 | D:1      | Reached XP level 2. HP: 16/16 MP: 3/3
   441 | D:1      | Reached skill level 2 in Long Blades
   581 | D:1      | Reached XP level 3. HP: 20/20 MP: 4/4
  1021 | D:2      | Gained mutation: Your natural rate of healing is unusually
                  | fast. [Vine Stalker growth]
  1021 | D:2      | Reached XP level 4. HP: 24/24 MP: 5/5
  1025 | D:2      | Found a bloodstained altar of Trog.
  1754 | D:3      | Noticed a black bear
  1760 | D:3      | Killed a black bear
  1761 | D:3      | Reached skill level 3 in Long Blades
  1761 | D:3      | Reached XP level 5. HP: 26/28 MP: 6/6
  2586 | D:4      | Reached skill level 4 in Long Blades
  2599 | D:4      | Reached XP level 6. HP: 32/32 MP: 7/7
  2740 | D:4      | HP: 1/32 [orc/+1 short sword of electrocution (10)]
  3006 | D:4      | Reached skill level 5 in Long Blades
  3201 | D:4      | Found a burning altar of Makhleb.
  3201 | D:4      | Found a radiant altar of Vehumet.
  3292 | D:4      | Reached XP level 7. HP: 36/36 MP: 8/8
  3388 | D:5      | Entered Level 5 of the Dungeon
  3423 | D:5      | Found a broken altar of Ashenzari.
  3428 | D:5      | Saw a vision of the Shoals and the Snake Pit.
  3428 | D:5      | Noticed a naga
  3428 | D:5      | Noticed a naga sharpshooter
  3428 | D:5      | Noticed a merfolk
  3428 | D:5      | Noticed a naga sharpshooter
  3428 | D:5      | Noticed a merfolk
  3428 | D:5      | Noticed a snapping turtle
  3428 | D:5      | Noticed a merfolk
  3428 | D:5      | Noticed a black mamba
  3428 | D:5      | Noticed a naga
  3428 | D:5      | Noticed a sea snake
  3428 | D:5      | Noticed a guardian serpent
  3429 | D:5      | Noticed a water nymph
  3430 | D:5      | Noticed a salamander
  3430 | D:5      | Noticed a naga
  3430 | D:5      | Noticed a naga warrior
  3432 | D:5      | Became a worshipper of Ashenzari the Shackled
  3528 | D:5      | Reached skill level 6 in Long Blades
  3813 | D:5      | Found a sparkling altar of Nemelex Xobeh.
  4170 | D:6      | Reached skill level 7 in Long Blades
  4212 | D:6      | Gained mutation: You have razor-sharp teeth. [Vine Stalker
                  | growth]
  4212 | D:6      | Reached XP level 8. HP: 39/40 MP: 9/9
  4334 | D:6      | Reached skill level 8 in Long Blades
  4471 | D:6      | Found Zode's Weapon Shoppe.
  4479 | D:6      | Bought a +2 vorpal broad axe for 252 gold pieces
  4541 | D:6      | Found a large runed translucent door.
  4542 | D:6      | Found a large runed translucent door.
  4545 | D:6      | Noticed nmsoi's ghost (novice GnEE)
  4583 | D:6      | Reached skill level 1 in Stealth
  4615 | D:6      | Reached skill level 1 in Axes
  4615 | D:6      | Reached skill level 1 in Dodging
  4968 | D:7      | Found a bloodstained altar of Trog.
  5089 | D:7      | Reached XP level 9. HP: 44/44 MP: 10/10
  5097 | D:7      | Found a sand-covered staircase.
  5102 | Ossuary  | Entered an ossuary
  5608 | D:7      | Found a shimmering altar of Xom.
  5615 | D:7      | Noticed a manticore
  5633 | D:7      | Killed a manticore
  5805 | D:7      | Reached skill level 5 in Stealth
  5805 | D:7      | Reached * piety under Ashenzari
  5850 | D:7      | Found a staircase to the Ecumenical Temple.
  6160 | D:8      | Noticed a two-headed ogre
  6167 | D:8      | Mangled by a two-headed ogre

Illustrated notes

Levels and vault maps discovered:
D:1:      scummos_arrival_checkerplants, layout_rooms,
          hellmonk_ecumenical_altar_heavens_door
D:2:      layout_basic, basic_altar, serial_bayou_pond_c, nrook_mini_vaults
D:3:      layout_basic, grunt_ministairs_12
D:4:      layout_loops_ring, grunt_temple_overflow_lords_of_destruction,
          serial_aquarium, aquarium_bridge_long_joined [aquarium_subvault_wall,
          aquarium_subvault_wall, aquarium_subvault_bridge,
          aquarium_subvault_wall, aquarium_subvault_wall,
          aquarium_subvault_bridge], aquarium_bridge_square
          [aquarium_subvault_window, aquarium_subvault_bridge,
          aquarium_subvault_window, aquarium_subvault_wall], aquarium_window_3,
          aquarium_window_corner, aquarium_window_2, aquarium_window_fake,
          aquarium_view_2c, chequers_serial_rivers_micro_b, st_stairs_14
D:5:      layout_basic, grunt_ashenzari_visionary
          [grunt_ashenzari_visionary_shoals, grunt_ashenzari_visionary_snake],
          mainiacjoe_overflow_catwalk, chequers_avenue, chequers_jeans
D:6:      layout_basic, ebering_ghost_disaster_area, serial_shops, shop
D:7:      layout_basic, trog_butcher_becter, nicolae_overflow_hidden_temple,
          minmay_temple_entry_slanted, nicolae_ossuary_entry_catacombs
D:8:      layout_basic, nicolae_kikubaaqudgha_miasma_corner, uniq_pikel,
          uniq_joseph

Skill      XL: |  1  2  3  4  5  6  7  8  9 |
---------------+----------------------------+-----
Shields        | 3 4 |  4.9
Long Blades    | 2 3 4 5 7 8 |  8.0
Fighting       | 3 |  3.3
Armour         | 3 4 |  4.6
Stealth        | 3 5 |  5.2
Axes           | 2 3 |  3.4
Dodging        | 1 3 |  3.1

Action                   |  1- 3 |  4- 6 |  7- 9 || total
-------------------------+-------+-------+-------++-------
Melee: Long sword        |    90 |   120 |   135 ||   345
       Bite              |    10 |    21 |    98 ||   129
       Broad axe         |       |       |   154 ||   154
Invok: Curse Item        |       |       |     2 ||     2
  Use: Scroll            |       |       |     7 ||     7
Armor: Chain mail        |    58 |    67 |   136 ||   261
       Scale mail        |     4 |       |       ||     4
Dodge: Dodged            |    25 |    36 |   126 ||   187
Block: Buckler           |    30 |    30 |    28 ||    88
       Kite shield       |       |       |   110 ||   110

Table legend: (Time is in decaauts)
 A = Elapsed time spent in this place.
 B = Non-inter-level travel time spent in this place.
 C = Inter-level travel time spent in this place.
 D = Time resting spent in this place.
 E = Time spent auto-exploring this place.
 F = Levels seen in this place.
 G = Mean time per level.
                   A        B        C        D        E       F      G
               +--------+--------+--------+--------+--------+-----+--------+
         Total |   6345 |   6128 |    217 |    100 |   4753 |   9 |  705.0 |
       Dungeon |   5949 |   5732 |    217 |    100 |   4459 |   8 |  743.6 |
       Ossuary |    395 |    395 |      0 |      0 |    294 |   1 |  395.0 |
               +--------+--------+--------+--------+--------+-----+--------+

Top non-repeatable levels by time:
     D:3: 1165 daAuts
     D:7: 840 daAuts
     D:4: 828 daAuts
     D:1: 828 daAuts
     D:6: 805 daAuts
     D:5: 792 daAuts
     D:2: 631 daAuts
 Ossuary: 395 daAuts
     D:8: 57 daAuts
